AoeStats
← Ger_Ald

Arabia

510127443Analyzed
1v1 RM · 3d ago on Sep 29, 2026· 37m 30s· 2 players
Game mode
Random Map
Map size
Tiny (2 player)
Population
200
Speed
Normal
Resources
Standard
Victory
Conquest
Starting age
Dark Age
Ending age
Imperial Age
RankedLock teamsTeams togetherTeam positionsShared explorationLock speedFull tech treeHidden civsTurbo modeCheats
Victory
Defeat
🇩🇪 Lithuanians · Germany
1089
+47
🇩🇪 Mongols · Germany
1125
-18
Ger_Ald
6:39 Loom
8:51 Feudal Age
10:11 Double-Bit Axe
16:34 Horse Collar
21:23 Castle Age
20:49 Bloodlines
25:24 Forging
25:20 Scale Barding Armor
26:46 Husbandry
27:12 Bow Saw
33:37 Chain Barding Armor
37:49 Iron Casting
chesky
6:20 Loom
8:22 Feudal Age
8:40 Loom
10:47 Horse Collar
11:00 Double-Bit Axe
19:56 Castle Age
18:41 Gold Mining
19:35 Bloodlines
21:55 Husbandry
22:10 Scale Barding Armor
30:16 Fletching
34:38 Forging
36:49 Iron Casting
38:16 Chain Barding Armor
Connection lost

Rejoining the realm…

Still unreachable

The connection could not be restored.

Session expired

The server has moved on; the page needs a fresh start.